 Dungeon Crawl Stone Soup version 0.30.1-4-g462c640d31 (webtiles) character file.

Game seed: 17526784338480607802

3491 snarfax the Cleaver (level 9, -2/70 HPs)
             Began as a Minotaur Fighter on Sept 15, 2023.
             Was a Believer of Elyvilon.
             Slain by a killer bee (6 damage)
             ... on level 8 of the Dungeon.
             The game lasted 00:20:38 (7945 turns).

snarfax the Cleaver (Minotaur Fighter)              Turns: 7945, Time: 00:20:38

Health: -2/70      AC: 11    Str: 25    XL:     9   Next: 80%
Magic:  8/8        EV:  6    Int:  5    God:    Elyvilon [**....]
Gold:   420        SH:  0    Dex: 10    Spells: 8/8 levels left

rFire   + . .        a - +1 war axe
rCold   + . .        w - +0 kite shield
rNeg    . . .        y - +0 plate armour
rPois   +            (helmet restricted)
rElec   +            g - scarf {repulsion}
rCorr   +            (no gloves)
SInv    .            (no boots)
Will    .....        f - amulet of the acrobat Stlth
                     (no ring)
HPRegen 0.31/turn    (no ring)
MPRegen 0.11/turn

%: repel missiles, acrobat
@: confused, lethally poisoned (-2 -> -19), about to teleport, resistant,
ambrosia-drunk
A: horns 2, retaliatory headbutt
a: Renounce Religion, Purification, Heal Other


You were on level 8 of the Dungeon.
You worshipped Elyvilon.
Elyvilon was pleased with you.
You visited 2 branches of the dungeon, and saw 10 of its levels.

You collected 420 gold pieces.

Inventory:

Hand Weapons
 a - a +1 war axe (weapon)
Missiles
 e - 8 boomerangs
 j - 5 poisoned darts (quivered)
 q - 3 curare-tipped darts
Armour
 g - a scarf of repulsion (worn)
 w - a +0 kite shield (worn)
 y - a +0 plate armour (worn)
Jewellery
 f - an amulet of the acrobat (around neck)
 u - a ring of ice
Wands
 p - a wand of flame (29)
 t - a wand of paralysis (5)
Scrolls
 b - a scroll of teleportation
 o - a scroll of blinking
 x - a scroll of torment {unknown}
Potions
 d - 4 potions of might
 h - 2 potions of lignification
 i - a potion of degeneration
 k - 2 potions of mutation
 n - a potion of attraction {unknown}
 r - a potion of cancellation
 s - 2 potions of magic
 v - a potion of brilliance
 z - a potion of flight


   Skills:
 - Level 3.6 Fighting
 * Level 14.6 Axes
 - Level 3.6 Armour
 + Level 8.9 Shields


You had 8 spell levels left.
You didn't know any spells.
Your spell library contained the following spells:

 Spells                   Type           Power      Damage    Failure   Level
 Apportation              Tloc           0%         N/A       100%        1
 Necrotise                Necr           0%         1d4       100%        1
 Slow                     Hex            0%         N/A       100%        1
 Summon Small Mammal      Summ           0%         N/A       100%        1
 Confusing Touch          Hex            0%         N/A       100%        3
 Ozocubu's Armour         Ice            0%         N/A       100%        3
 Vampiric Draining        Necr           0%         2d6       100%        3
 Volatile Blastmotes      Fire/Tloc      0%         2d10      100%        3
 Fulminant Prism          Conj/Hex       0%         3d5       100%        4
 Iskenderun's Mystic Bla  Conj/Tloc      0%         2d3       100%        4
 Lee's Rapid Deconstruct  Erth           0%         3d4*      100%        5
 Ozocubu's Refrigeration  Ice            0%         4d7       100%        7


Dungeon Overview and Level Annotations

Branches:
Dungeon (9/15)             Temple (1/1) D:6
   Lair: D:8-11         Orc: D:9-12

Altars:
Ashenzari
Cheibriados
Dithmenos
Elyvilon
Fedhas
Gozag
Hepliaklqana
Kikubaaqudgha
Nemelex Xobeh
Okawaru
Trog
Uskayaw
Vehumet
Xom
Yredelemnul
Zin
The Shining One

Shops:
D:5 =   D:7 *


Innate Abilities, Weirdness & Mutations

You have a pair of horns on your head.
You reflexively headbutt those who attack you in melee.


Message History

The killer bee stings you.
The killer bee stings you but does no damage.
As you read the scroll of teleportation, it crumbles to dust.
You feel strangely unstable.
You feel sick. The killer bee stings you.
* * * LOW HITPOINT WARNING * * *
You block the killer bee's attack. The killer bee stings you.
* * * LOW HITPOINT WARNING * * *
You block the killer bee's attack.
You miss the killer bee. You headbutt the killer bee.
You kill the killer bee!
You hit the killer bee but do no damage.
You feel sick. The killer bee barely misses you. The killer bee stings you.
* * * LOW HITPOINT WARNING * * *
The killer bee stings you but does no damage.
You miss the killer bee.
The killer bee is moderately wounded.
You hit the killer bee.
You feel sick. You block the killer bee's attack. x2
The killer bee stings you.
* * * LOW HITPOINT WARNING * * *
You are lethally poisoned!
The killer bee poisons you! The killer bee stings you.
* * * LOW HITPOINT WARNING * * *
You are confused.
You feel invigorated.
* * * LOW HITPOINT WARNING * * *
You feel very sick. The killer bee stings you.
* * * LOW HITPOINT WARNING * * *
The killer bee barely misses you. x2
The killer bee stings you but does no damage.
It was a potion of resistance.
You feel protected.
* * * LOW HITPOINT WARNING * * *
You feel sick. The killer bee stings you.
* * * LOW HITPOINT WARNING * * *
You are more poisoned.
The killer bee poisons you!
The killer bee stings you but does no damage.
The killer bee stings you.
You die...

################
.......##......#
.......##......#
.......##......#
.......##......#
.......##......#
.......##......#
.########.|...F#####
........'.....yy@yy#
.##.#####.....h###y#
.##.# #......# #.#
.+..# #......# #.#
.####
############.## .#
#.............# ##
#.............#
#<............#
#.............#


You could see a hornet, a bullfrog, a howler monkey and 4 killer bees.

Vanquished Creatures
  A two-headed ogre (D:8)
  Maggie (D:7)
  4 water moccasins
  An orc warrior (D:8)
  A sky beast (Temple)
  A phantom (D:4)
  A bullfrog (D:7)
  A gnoll sergeant (D:7)
  5 scorpions
  5 wights (D:8)
  4 killer bees (D:8)
  A howler monkey (D:8)
  2 jellies
  A gnoll bouda (D:7)
  2 orc priests
  6 hounds
  Natasha (thrice) (D:4)
  3 iguanas
  6 orc wizards
  18 gnolls
  10 adders
  A shadow imp (D:7)
  4 white imps
  A worm (D:2)
  6 dart slugs
  18 orcs
  7 ball pythons
  6 endoplasms
  2 giant cockroaches
  4 hobgoblins
  4 jackals (D:1)
  A quokka (D:4)
  3 bats
  A frilled lizard (D:2)
  5 goblins
  5 kobolds
  2 rats
147 creatures vanquished.

Vanquished Creatures (others)
  An orc wizard (D:4)
1 creature vanquished.

Grand Total: 148 creatures vanquished

Notes
Turn   | Place    | Note
-------+----------+-------------------------------------------
     0 | D:1      | snarfax the Minotaur Fighter began the quest for the Orb.
     0 | D:1      | Reached XP level 1. HP: 19/19 MP: 0/0
    43 | D:1      | Reached skill level 3 in Axes
    43 | D:1      | Reached XP level 2. HP: 26/26 MP: 1/1
   241 | D:1      | Reached XP level 3. HP: 29/31 MP: 2/2
   315 | D:1      | Reached skill level 4 in Axes
   892 | D:2      | Reached XP level 4. HP: 30/39 MP: 3/3
  1010 | D:2      | Reached skill level 5 in Axes
  1633 | D:3      | Found a snail-covered altar of Cheibriados.
  1697 | D:3      | Reached XP level 5. HP: 45/45 MP: 4/4
  1855 | D:3      | Found a hide-covered altar of Uskayaw.
  1866 | D:3      | Found an ancient bone altar of Kikubaaqudgha.
  1869 | D:3      | Found a glowing golden altar of the Shining One.
  2116 | D:4      | Reached skill level 5 in Shields
  2141 | D:4      | Reached skill level 6 in Axes
  2390 | D:4      | Reached XP level 6. HP: 25/51 MP: 5/5
  2495 | D:4      | Reached skill level 7 in Axes
  2619 | D:4      | Noticed Natasha
  2629 | D:4      | Killed Natasha
  2954 | D:4      | Noticed Natasha
  2965 | D:4      | Killed Natasha
  3012 | D:4      | Reached skill level 8 in Axes
  3023 | D:4      | Reached XP level 7. HP: 52/57 MP: 6/6
  3039 | D:4      | Identified the +7 dagger of the Jumping Priest {freeze, rF+
                  | rC- Int+5 Stlth+}
  3188 | D:4      | Noticed Natasha
  3195 | D:4      | Killed Natasha
  3247 | D:5      | Entered Level 5 of the Dungeon
  3270 | D:5      | Found a shadowy altar of Dithmenos.
  3275 | D:5      | Found an iron altar of Okawaru.
  3312 | D:5      | Reached skill level 9 in Axes
  3937 | D:5      | Found Cutem's Jewellery Emporium.
  4043 | D:5      | Reached skill level 10 in Axes
  4135 | D:6      | Found a staircase to the Ecumenical Temple.
  4153 | Temple   | Entered the Ecumenical Temple
  4176 | Temple   | Became a worshipper of Elyvilon the Healer
  4685 | D:6      | Reached XP level 8. HP: 64/64 MP: 7/7
  4810 | D:6      | Reached skill level 11 in Axes
  5016 | D:6      | Found a glowing silver altar of Zin.
  5674 | D:7      | Reached skill level 12 in Axes
  5746 | D:7      | Reached * piety under Elyvilon
  5856 | D:7      | Found a radiant altar of Vehumet.
  5965 | D:7      | Found Dedwaese's General Store.
  5993 | D:7      | Noticed Maggie
  6202 | D:7      | Killed Maggie
  6203 | D:7      | Reached XP level 9. HP: 65/70 MP: 8/8
  6472 | D:8      | Reached skill level 13 in Axes
  7379 | D:8      | Reached ** piety under Elyvilon
  7646 | D:8      | Noticed a two-headed ogre
  7662 | D:8      | Killed a two-headed ogre
  7663 | D:8      | Reached skill level 14 in Axes
  7945 | D:8      | Slain by a killer bee

Illustrated notes

Levels and vault maps discovered:
D:1:      amcnicky_arrival_double_pillar, layout_basic
D:2:      layout_loops_ring
D:3:      layout_rooms, mainiacjoe_overflow_alcove_2,
          minmay_overflow_temple_star_quad, st_stairs_12, hex_large
D:4:      layout_loops_cross, nrook_uturn, uniq_natasha
D:5:      layout_basic, mainiacjoe_overflow_six_doors_small,
          okawaru_ov_weapons_minmay, nicolae_inconvenience_store
D:6:      wander_river, layout_loops_ring, marbit_many_paths, temple_pool_b
D:7:      layout_cave_pools, mainiacjoe_overflow_catwalk, serial_shops,
          nicolae_square_shop, uniq_maggie
D:8:      layout_basic
D:9:      layout_rooms, mainiacjoe_overflow_alcove_4, erik_orc_2
Temple:   compressed_dpeg_triangle_lava_temple

Skill      XL: |  1  2  3  4  5  6  7  8  9 |
---------------+----------------------------+-----
Axes           | 3 4 5 6 8 10 12 14 | 14.6
Shields        | 4 5 7 8 |  8.9
Fighting       | |  3.6
Armour         | |  3.6

Action                     |  1- 3 |  4- 6 |  7- 9 || total
---------------------------+-------+-------+-------++-------
  Melee: War axe           |    61 |   119 |   284 ||   464
         Headbutt          |     8 |    13 |    51 ||    72
  Throw: Dart              |       |       |     5 ||     5
    Use: Scroll            |       |     7 |    15 ||    22
         Potion            |       |       |     8 ||     8
 Armour: Scale mail        |    34 |    11 |       ||    45
         Chain mail        |       |    50 |    46 ||    96
         Plate armour      |       |       |    93 ||    93
  Dodge: Dodged            |    31 |    36 |    73 ||   140
         Repelled          |       |     3 |     3 ||     6
  Block: Buckler           |    19 |    27 |     9 ||    55
         Kite shield       |       |       |    96 ||    96
